 Dungeon Crawl Stone Soup version 0.29.1-15-g9cfb28693d (webtiles) character file.

Game seed: 17733058093193946673

970 raph the Cleaver (level 8, 0/96 HPs)
             Began as a Hill Orc Berserker on Apr 3, 2023.
             Was a Priest of Trog.
             Succumbed to a water moccasin's poison
             ... on level 5 of the Dungeon.
             The game lasted 00:07:36 (6053 turns).

raph the Cleaver (Hill Orc Berserker)               Turns: 6053, Time: 00:07:36

Health: 0/96       AC:  4    Str: 20    XL:     8   Next: 16%
Magic:  8/8        EV: 11    Int:  7    God:    Trog [***...]
Gold:   122        SH:  0    Dex: 12    Spells: 7/7 levels left

rFire   + . .      SeeInvis +   a - +1 hand axe
rCold   . . .      Faith    .   (no shield)
rNeg    . . .      Spirit   .   p - +0 leather armour
rPois   .          Reflect  .   q - +1 hat
rElec   .          Harm     .   r - scarf {+Inv}
rCorr   .          Rampage  .   (no gloves)
Will    .....                   (no boots)
Stlth   ..........              (no amulet)
HPRegen 0.26/turn               c - ring of see invisible
MPRegen 0.11/turn               g - ring of protection from fire

@: berserking, lethally poisoned (0 -> -32), studying Maces & Flails, very quick
A: no striking features
a: Renounce Religion, Evoke Invisibility, Berserk, Trog's Hand


You were on level 5 of the Dungeon.
You worshipped Trog.
Trog was most pleased with you.
You visited 1 branch of the dungeon, and saw 5 of its levels.

You collected 161 gold pieces.
You spent 39 gold pieces at shops.

Inventory:

Hand Weapons
 a - a +1 hand axe (weapon)
Missiles
 w - 6 boomerangs (quivered)
 y - 11 poisoned darts
Armour
 p - a +0 leather armour (worn)
 q - a +1 hat (worn)
 r - a scarf of invisibility (worn)
 x - a +0 helmet
Jewellery
 c - a ring of see invisible (left hand)
 g - a ring of protection from fire (right hand)
Wands
 b - a wand of charming (12)
 s - a wand of flame (29)
Scrolls
 e - 2 scrolls of teleportation
 f - 2 scrolls of enchant weapon
Potions
 d - a potion of attraction
 h - 3 potions of lignification
 i - a potion of brilliance
 j - 2 potions of curing
 k - 3 potions of haste
 n - a potion of degeneration {unknown}
 o - a potion of cancellation
 t - a potion of mutation {unknown}
 z - a potion of resistance {unknown}


   Skills:
 - Level 3.6 Fighting
 + Level 12.4 Axes
 - Level 2.1 Armour
 - Level 1.5 Dodging


You had 7 spell levels left.
You didn't know any spells.
Your spell library was empty.

Dungeon Overview and Level Annotations

Branches:
Dungeon (5/15)             Temple (0/1) D:4

Altars:
Dithmenos
Elyvilon
The Shining One

Shops:
D:4 [![


Message History

You are too injured to fight recklessly!
You are too injured to fight recklessly!
You are too injured to fight recklessly!
You are too injured to fight recklessly!
You are too injured to fight recklessly!
You are too injured to fight recklessly!
A red film seems to cover your vision as you go berserk!
You feel yourself moving faster!
You feel mighty!
You feel extremely sick. The water moccasin bites you.
You closely miss the water moccasin.
The water moccasin is heavily wounded.
* * * LOW HITPOINT WARNING * * *
You feel very sick. The water moccasin bites you.
* * * LOW HITPOINT WARNING * * *
You are more poisoned.
The water moccasin poisons you!
You closely miss the water moccasin.
The water moccasin is heavily wounded.
* * * LOW HITPOINT WARNING * * *
You feel very sick.
The water moccasin bites you but does no damage.
You barely miss the water moccasin.
The water moccasin is heavily wounded.
* * * LOW HITPOINT WARNING * * *
You feel very sick.
You hit the water moccasin.
The water moccasin is severely wounded.
* * * LOW HITPOINT WARNING * * *
You feel very sick. The water moccasin bites you.
* * * LOW HITPOINT WARNING * * *
You barely miss the water moccasin.
The water moccasin is severely wounded.
* * * LOW HITPOINT WARNING * * *
You feel very sick.
You hit the water moccasin but do no damage.
The water moccasin is severely wounded.
You die...

#....[...#.##.####
#.#........##.#
#............
#......#.##.##
#......#.## .
#......#..# #......#
.# #######.######.##
........##...@S.##
#######............#
#..........#.#
#..........#
#..........#
#..........#
############


You could see a water moccasin.

Vanquished Creatures
  Sigmund (D:3)
  2 ogres (D:4)
  A centaur (D:5)
  A phantom (D:4)
  3 hounds
  3 jellies
  Ijyb (D:3)
  Robin (D:3)
  12 gnolls
  5 adders
  An ufetubus (D:4)
  A worm (D:2)
  A dart slug (D:2)
  3 orcs (D:4)
  7 ball pythons
  5 bats
  2 endoplasms (D:1)
  2 giant cockroaches
  22 goblins
  9 hobgoblins
  10 jackals
  8 kobolds
  8 quokkas
  4 frilled lizards
  6 rats
119 creatures vanquished.

Notes
Turn   | Place    | Note
-------+----------+-------------------------------------------
     0 | D:1      | raph the Hill Orc Berserker began the quest for the Orb.
     0 | D:1      | Reached XP level 1. HP: 19/19 MP: 1/1
   241 | D:1      | Reached XP level 2. HP: 26/26 MP: 2/2
   295 | D:1      | Reached skill level 5 in Axes
   875 | D:1      | Reached XP level 3. HP: 26/31 MP: 3/3
  1031 | D:1      | Reached ** piety under Trog
  1863 | D:2      | Reached skill level 6 in Axes
  1872 | D:2      | Reached XP level 4. HP: 25/39 MP: 4/4
  2355 | D:2      | Reached skill level 7 in Axes
  2516 | D:2      | Reached XP level 5. HP: 45/45 MP: 5/5
  3213 | D:3      | Noticed Ijyb
  3225 | D:3      | Killed Ijyb
  3226 | D:3      | Reached skill level 8 in Axes
  3252 | D:3      | Found a glowing golden altar of the Shining One.
  3292 | D:3      | Found a shadowy altar of Dithmenos.
  3305 | D:3      | Noticed Sigmund
  3322 | D:3      | Killed Sigmund
  3323 | D:3      | Reached skill level 9 in Axes
  3323 | D:3      | Reached XP level 6. HP: 28/51 MP: 6/6
  3604 | D:3      | Found a faded altar of an unknown god.
  4186 | D:3      | Reached *** piety under Trog
  4246 | D:3      | Noticed Robin
  4258 | D:3      | Killed Robin
  4451 | D:4      | Found Casm's Antique Armour Shop.
  4490 | D:4      | Reached skill level 10 in Axes
  4490 | D:4      | Reached XP level 7. HP: 57/57 MP: 7/7
  4717 | D:4      | Found Gatad's Armour Emporium.
  4745 | D:4      | Found Ustrur's Distillery.
  4857 | D:4      | Bought a potion of curing for 39 gold pieces
  4941 | D:4      | Reached skill level 11 in Axes
  5337 | D:4      | Found a staircase to the Ecumenical Temple.
  5508 | D:4      | Found a white marble altar of Elyvilon.
  5646 | D:5      | Entered Level 5 of the Dungeon
  5654 | D:5      | Reached skill level 12 in Axes
  5654 | D:5      | Reached XP level 8. HP: 64/64 MP: 8/8
  6052 | D:5      | HP: 4/96 [poisoned by a water moccasin]
  6053 | D:5      | Succumbed to a water moccasin's poison

Illustrated notes

Levels and vault maps discovered:
D:1:      amcnicky_arrival_single_pillar, layout_basic, minmay_hedge_maze
D:2:      layout_basic
D:3:      kennysheep_goblin_castle, layout_loops_ring,
          mainiacjoe_overflow_cross_hatched, grunt_dithmenos_smoke,
          basic_ecumenical_altar, small_statue_intersection, uniq_ijyb,
          uniq_sigmund
D:4:      layout_rooms, elyvilon_altar_3, temple_statues, serial_shops, shop,
          kennysheep_mini_moat, nicolae_lakefront_shop, minmay_manual_monstrance
D:5:      layout_basic, serial_shops, nicolae_take_the_stairs, uniq_edmund

Skill      XL: |  1  2  3  4  5  6  7 |
---------------+----------------------+-----
Axes           | 5 6 7 9 10 12 | 12.4
Fighting       | |  3.6
Armour         | |  2.1
Dodging        | |  1.5

Action                   |  1- 3 |  4- 6 |  7- 9 || total
-------------------------+-------+-------+-------++-------
Melee: Hand axe          |   105 |   141 |    89 ||   335
       Punch             |       |     1 |     2 ||     3
Invok: Berserk           |     3 |     5 |     7 ||    15
       Trog's Hand       |       |     2 |       ||     2
  Use: Scroll            |       |     1 |    13 ||    14
 Stab: Sleeping          |       |     2 |       ||     2
Armor: Animal skin       |    27 |     6 |       ||    33
       Leather armour    |       |    33 |    17 ||    50
Dodge: Dodged            |    80 |   105 |    37 ||   222
